 Dungeon Crawl Stone Soup version 0.18.1-5-g4a78601 (webtiles) character file.

447 Gargoyl the Skirmisher (level 6, 0/49 HPs)
             Began as a Demonspawn Abyssal Knight on May 9, 2016.
             Was a Priest of Lugonu.
             Slain by a hound (4 damage)
             ... on level 4 of the Dungeon.
             The game lasted 00:09:15 (4511 turns).

Gargoyl the Skirmisher (Demonspawn Abyssal Knight)  Turns: 4511, Time: 00:09:16

Health: 0/49       AC:  9    Str: 12 (14) XL:     6   Next: 73%
Magic:  1/8        EV:  8    Int: 16      God:    Lugonu [***...]
Gold:   210        SH:  0    Dex: 12 (15) Spells: 0 memorised, 5 levels left

rFire  . . .     SeeInvis .     a - +1 hand axe
rCold  . . .     Gourm    .     d - +0 chain mail (curse)
rNeg   . . .     Faith    .     (no shield)
rPois  +         Spirit   .     (helmet restricted)
rElec  .         Dismiss  .     (no cloak)
rCorr  .         Reflect  .     (no gloves)
SustAt .         Harm     .     (no boots)
MR     .....                    g - amulet of magic regeneration
Stlth  ..........               l - +3 ring of intelligence
                                b - ring of poison resistance

@: very slightly contaminated, hasted, drained, very quick, not resistant to
hostile enchantments, extremely unstealthy
A: horns 1, repulsion field 1, agile 1, nightstalker 2
a: Depart the Abyss, Bend Space, Banish, Renounce Religion


You were on level 4 of the Dungeon.
You worshipped Lugonu.
Lugonu was most pleased with you.
You were near starving.

You visited 1 branch of the dungeon, and saw 4 of its levels.
You visited the Abyss 1 time.

You collected 210 gold pieces.

Inventory:

Hand Weapons
 a - a +1 hand axe (weapon)
 r - a +0 flail
 s - a +0 spear of flaming
Missiles
 j - 7 tomahawks (quivered)
Armour
 d - a cursed +0 chain mail (worn)
Jewellery
 b - a ring of poison resistance (left hand)
 g - an amulet of magic regeneration (around neck)
 l - a +3 ring of intelligence (right hand)
Wands
 p - a wand of lightning (11/15)
 t - a wand of random effects (20/48)
Scrolls
 f - a scroll of teleportation
 h - a scroll of amnesia
 q - a scroll of blinking
Potions
 e - a potion of degeneration
 o - a potion of might {unknown}
 u - a potion of invisibility
Comestibles
 c - 4 bread rations
 i - 3 meat rations
 k - 2 beef jerkies


   Skills:
 + Level 4.6(4.2) Fighting
 + Level 3.1(2.8) Axes
 * Level 4.3(4.0) Armour
 + Level 2.2(1.9) Dodging
 + Level 2.8(2.5) Invocations
 + Level 0.2(0.0) Evocations


You had 5 spell levels left.
You didn't know any spells.

Dungeon Overview and Level Annotations

Branches:
Dungeon (4/15)
 Temple: D:4-7

Altars:
Ashenzari
Cheibriados
Elyvilon
Nemelex Xobeh
Qazlal
Ru
Xom
Yredelemnul


Innate Abilities, Weirdness & Mutations

You have a pair of small horns on your head.
You are surrounded by a mild repulsion field (EV +2).
You are significantly more attuned to the shadows.
You are agile. (Dex +2)


Message History

Aim: a crimson imp, wielding a dagger of chaos (lightly wounded, chance to defeat MR: 67%)
The crimson imp struggles to resist.
You are near starving!
The hound bites you but does no damage.
The crimson imp hits you but does no damage.
You feel drained.
Press: ? - help, Shift-Dir - straight line, f/p - crimson imp
Aim: a crimson imp, wielding a dagger of chaos (lightly wounded, chance to defeat MR: 67%)
You fail to use your ability.
The hound bites you but does no damage.
Press: ? - help, Shift-Dir - straight line, f/p - crimson imp
Aim: a crimson imp, wielding a dagger of chaos (lightly wounded, chance to defeat MR: 67%)
The crimson imp is devoured by a tear in reality.
Lugonu claims a new guest.
You feel your strength returning.
You feel somewhat more hungry. The hound bites you.
* * * LOW HITPOINT WARNING * * *
You hit the hound.
The hound is heavily wounded.
The hound bites you.
You die...

...#...# #...##...# ##.#
.###.#####...###.## #.##
'###...........#.# #..#
.......#########.## #####.#
........#...###...###...#.#
..........P....._.....P...#
.......##...###.§.###...###
.......###### ##§## #####
.####### #@# ### ##h## ..#
#...# #.# #...# #.# #...#
..# ##.## ### ... .#>


You could see a hound.

Vanquished Creatures
  An ogre (D:4)
  3 crimson imps (D:3)
  A hound (D:4)
  9 adders
  A white imp (Abyss:2)
  A worm (D:2)
  A dart slug (D:2)
  2 giant geckos (D:2)
  13 orcs
  3 ball pythons
  6 giant cockroaches
  2 gnoll zombies (D:3)
  8 hobgoblins
  9 jackals
  A quokka (D:4)
  17 bats
  6 giant newts
  6 goblins
  4 kobolds
  11 rats
105 creatures vanquished.

Vanquished Creatures (others)
  A crimson imp (D:4)
  A bush (D:4)
2 creatures vanquished.

Grand Total: 107 creatures vanquished

Notes
Turn   | Place    | Note
--------------------------------------------------------------
     0 | Abyss:1  | Gargoyl the Demonspawn Abyssal Knight began the quest for the Orb.
     0 | Abyss:1  | Reached XP level 1. HP: 18/18 MP: 2/2
    58 | Abyss:1  | Noticed a sky beast
   136 | Abyss:2  | Found a corrupted altar of Lugonu.
   159 | Abyss:2  | Noticed a thrashing horror
   160 | D:1      | Escaped the Abyss
   333 | D:1      | Gained mutation: You have a pair of small horns on your head. [demonic ancestry]
   333 | D:1      | Reached XP level 2. HP: 24/24 MP: 3/3
   347 | D:1      | Found a shattered altar of Ashenzari.
   356 | D:1      | Reached skill level 1 in Dodging
   625 | D:1      | Reached * piety under Lugonu
  1037 | D:1      | Gained mutation: You are slightly more attuned to the shadows. [demonic ancestry]
  1037 | D:1      | Reached XP level 3. HP: 27/29 MP: 4/4
  1722 | D:2      | Reached ** piety under Lugonu
  1918 | D:2      | Gained mutation: You are surrounded by a mild repulsion field (EV +2). [demonic ancestry]
  1918 | D:2      | Reached XP level 4. HP: 34/37 MP: 6/6
  2325 | D:2      | Found a shimmering altar of Xom.
  2604 | D:3      | Found a shimmering altar of Xom.
  2622 | D:3      | Gained mutation: You are significantly more attuned to the shadows. [demonic ancestry]
  2622 | D:3      | Reached XP level 5. HP: 40/42 MP: 7/7
  2672 | D:3      | Reached *** piety under Lugonu
  3132 | D:3      | Found a basalt altar of Yredelemnul.
  3460 | D:3      | Reached XP level 6. HP: 45/48 MP: 8/8
  3687 | D:4      | Found a sacrificial altar of Ru.
  3927 | D:4      | Found a sparkling altar of Nemelex Xobeh.
  3927 | D:4      | Found a stormy altar of Qazlal.
  3927 | D:4      | Found a snail-covered altar of Cheibriados.
  4195 | D:4      | Found a white marble altar of Elyvilon.
  4454 | D:4      | Paralysed by a crimson imp for 3 turns
  4506 | D:4      | Gained mutation: You are agile. (Dex +2) [potion of beneficial mutation]
  4511 | D:4      | Slain by a hound

Skill      XL: |  1  2  3  4  5  6 |
---------------+-------------------+-----
Dodging        | 1 2 |  2.2
Armour         | 2 3 4 |  4.3
Axes           | 2 3 |  3.1
Fighting       | 4 |  4.6
Invocations    | |  2.8
Evocations     | |  0.2

Action                   |  1- 3 |  4- 6 || total
-------------------------+-------+-------++-------
Melee: Hand axe          |   125 |   264 ||   389
       Headbutt          |    12 |    23 ||    35
Throw: Tomahawk          |       |     1 ||     1
Invok: Depart the Abyss  |     1 |       ||     1
       Banish            |       |     2 ||     2
Evoke: Wand              |       |     4 ||     4
  Use: Scroll            |     1 |     6 ||     7
       Potion            |       |     5 ||     5
  Eat: Chunk             |     3 |     8 ||    11
Armor: Chain mail        |   141 |   184 ||   325
       Skin              |       |    16 ||    16
Dodge: Dodged            |    71 |   145 ||   216
